 Dungeon Crawl Stone Soup version 0.31.0-4-g52a2dc7128 (webtiles) character file.

Game seed: 8803650427093645014

4622 Arcadio the Nimble (level 10, -2/55 HPs)
             Began as a Spriggan Hunter on Jan 22, 2024.
             Was a Believer of Elyvilon.
             Slain by a troll zombie (3 damage)
             ... on level 9 of the Dungeon.
             The game lasted 00:28:27 (11674 turns).

Arcadio the Nimble (Spriggan Hunter)               Turns: 11674, Time: 00:28:27

Health: -2/55      AC:  3    Str:  3    XL:     10   Next: 19%
Magic:  16/20      EV: 30    Int: 12    God:    Elyvilon [**....]
Gold:   598        SH:  0    Dex: 27    Spells: 8/9 levels left

rFire   . . .        b - +0 rapier of Grontol {spect, rN+ Str-4 Dex+5 SInv}
rCold   . . .        (no shield)
rNeg    + . .        c - +0 robe
rPois   .            (helmet restricted)
rElec   .            o - +0 cloak
rCorr   .            (gloves unavailable)
SInv    +            (boots unavailable)
Will    +....        z - amulet of the acrobat
Stlth   +++          p - ring of magical power
HPRegen 0.29/turn    (no ring)
MPRegen 0.17/turn

%: acrobat
@: very quick
A: very small, no large weapons, unfitting armour, see invisible, speed 3
a: Renounce Religion, Purification, Heal Other


You were on level 9 of the Dungeon.
You worshipped Elyvilon.
Elyvilon was pleased with you.
You visited 2 branches of the dungeon, and saw 10 of its levels.
You also visited: Bailey.

You collected 818 gold pieces.
You spent 220 gold pieces at shops.

Inventory:

Hand Weapons
 a - a +0 shortbow
 b - the +0 rapier of Grontol (weapon) {spect, rN+ Str-4 Dex+5 SInv}
   (You found it on level 9 of the Dungeon)

   Str-4:     It affects your strength (-4).
   Dex+5:     It affects your dexterity (+5).
   rN+:       It protects you from negative energy.
   SInv:      It lets you see invisible.
 m - a +0 dagger of holy wrath
 v - a +3 flail of protection
 F - a +1 antimagic long sword
 H - the +7 hand axe "Umibbaa" {antimagic, rPois}
   (You found it on level 3 of the Dungeon)

   rPois:     It protects you from poison
Armour
 c - a +0 robe (worn)
 o - a +0 cloak (worn)
Jewellery
 i - a ring of wizardry
 p - a ring of magical power (left hand)
 z - an amulet of the acrobat (around neck)
Wands
 n - a wand of flame (18)
 B - a wand of quicksilver (8)
Scrolls
 d - 2 scrolls of teleportation
 f - 3 scrolls of revelation {unknown}
 g - 2 scrolls of identify {unknown}
 h - a scroll of fear {unknown}
 j - 2 scrolls of amnesia {unknown}
 l - a scroll of fog {unknown}
 s - a scroll of blinking {unknown}
 t - a scroll of vulnerability {unknown}
 y - a scroll of poison {unknown}
 E - a scroll of brand weapon {unknown}
 G - a scroll of noise {unknown}
Potions
 e - 2 potions of invisibility
 k - a potion of magic {unknown}
 q - 3 potions of resistance {unknown}
 r - 2 potions of heal wounds {unknown}
 u - a potion of might {unknown}
 w - 2 potions of enlightenment {unknown}
 x - 2 potions of attraction {unknown}
 C - a potion of haste
 D - 2 potions of lignification {unknown}


   Skills:
 + Level 7.5 Fighting
 + Level 9.6 Ranged Weapons
 + Level 11.4 Dodging
 - Level 1.5 Stealth


You had 8 spell levels left.
You knew the following spells:

 Your Spells              Type           Power      Damage    Failure   Level
a - Foxfire               Conj/Fire      0%         2x1d4     32%         1

Your spell library contained the following spells:

 Spells                   Type           Power      Damage    Failure   Level
 Plasma Beam              Fire/Air       0%         2x1d10    100%        6
 Starburst                Conj/Fire      0%         6d3       100%        6


Dungeon Overview and Level Annotations

Branches:
Dungeon (9/15)             Temple (1/1) D:7          Bailey (visited)
   Lair: D:8-11         Orc: D:9-12

Altars:
Ashenzari
Cheibriados
Dithmenos
Elyvilon
Fedhas
Gozag
Hepliaklqana
Kikubaaqudgha
Makhleb
Nemelex Xobeh
Okawaru
Qazlal
Ru
Sif Muna
Trog
Uskayaw
Vehumet
Wu Jian
Xom
Yredelemnul
Zin
The Shining One

Shops:
D:4 !

Annotations:
D:6 Maggie


Innate Abilities, Weirdness & Mutations

You are very small and have problems with some larger weapons.
You are too small for most types of armour.
You have supernaturally acute eyesight. (SInv)
You cover ground extremely quickly. (Speed+++)


Message History

The wyvern misses you. The troll zombie barely misses you.
The troll zombie completely misses you. The troll zombie claws you!
You closely miss the wyvern.
The wyvern is moderately wounded.
The wyvern completely misses you. The wyvern misses you.
The troll zombie misses you. The troll zombie completely misses you.
The troll zombie misses you.
You hit the wyvern.
The wyvern is heavily wounded.
The wyvern bites you!! Elyvilon protects you from harm! The wyvern misses you.
The troll zombie completely misses you. The troll zombie closely misses you.
The troll zombie completely misses you.
You closely miss the wyvern.
The wyvern is heavily wounded.
The wyvern completely misses you. The wyvern bites you!
* * * LOW HITPOINT WARNING * * *
The troll zombie completely misses you. The troll zombie closely misses you. x2
You feel better. The wyvern completely misses you.
Press: ? - help, Dir - move target, f - wyvern Heal: a wyvern (heavily wounded, chance to pacify: <1%)
The light of Elyvilon fails to reach the wyvern.
The wyvern barely misses you. The troll zombie completely misses you.
The troll zombie claws you!
* * * LOW HITPOINT WARNING * * *
The troll zombie misses you. The wyvern completely misses you.
Okay, then.
Press: ? - help, Dir - move target, f/p - wyvern Heal: a wyvern (heavily wounded, chance to pacify: <1%)
The light of Elyvilon fails to reach the wyvern.
The wyvern misses you. The troll zombie bites you!
Elyvilon protects you from harm! The troll zombie misses you. x2
You puncture the troll zombie!
The troll zombie is heavily damaged.
The wyvern barely misses you. The wyvern misses you.
The troll zombie closely misses you. The troll zombie claws you!
* * * LOW HITPOINT WARNING * * *
The troll zombie claws you.
You die...

... ... .. ##A## ...
.. ##### #.# #.##
#..§# #.## #..# #._.#
... .y# #..§###.# #k#
#...##..# #@#
#..§##..#####Z#
#...##.....##.# .#
###'###.###....#####.#
###.....#.#
###........#
..........# #........#
.##.....###
##........# .####'###
#<........# .# #...#
#.........#.


You could see a wyvern, a killer bee and a troll zombie.

Vanquished Creatures
  A cyclops (D:9)
  Grinder (D:3)
  A wraith (D:8)
  A human (D:7)
  A steam dragon (D:8)
  A water moccasin (D:7)
  3 black bears
  A sky beast (D:6)
  An ogre (D:4)
  2 centaurs
  2 kobold brigands
  4 bullfrogs (D:7)
  5 scorpions
  12 wights
  A killer bee (D:9)
  2 howler monkeys (D:7)
  10 crimson imps
  3 bombardier beetles
  6 hounds
  2 jellies
  4 orc priests
  Crazy Yiuf (D:2)
  A gnoll bouda (D:7)
  3 sleepcaps
  4 iguanas
  An orc wizard (D:4)
  3 ogre zombies (D:9)
  Robin (D:2)
  14 gnolls
  8 adders
  A shadow imp (D:6)
  2 white imps (D:7)
  4 dart slugs
  5 ribbon worms
  8 orcs
  8 ball pythons
  6 bats
  8 endoplasms
  A giant cockroach (D:2)
  3 gnoll zombies (D:9)
  19 goblins
  11 hobgoblins
  4 jackals (D:4)
  3 quokkas
  8 frilled lizards
  A gnoll skeleton (D:9)
  15 kobolds
  An orc skeleton (D:9)
  An orc zombie (D:9)
  5 rats
214 creatures vanquished.

Vanquished Creatures (others)
  A killer bee (D:9)
1 creature vanquished.

Grand Total: 215 creatures vanquished

Notes
Turn   | Place    | Note
-------+----------+-------------------------------------------
     0 | D:1      | Arcadio the Spriggan Hunter began the quest for the Orb.
     0 | D:1      | Reached XP level 1. HP: 10/10 MP: 2/2
    83 | D:1      | Reached skill level 3 in Dodging
   103 | D:1      | Reached XP level 2. HP: 15/15 MP: 3/3
   360 | D:1      | Found a faded altar of an unknown god.
   549 | D:2      | Reached XP level 3. HP: 18/18 MP: 4/4
  1107 | D:2      | Reached XP level 4. HP: 23/23 MP: 5/5
  1144 | D:2      | Reached skill level 4 in Dodging
  1145 | D:2      | Noticed Robin
  1159 | D:2      | Killed Robin
  1518 | D:2      | Found a runed translucent door.
  1519 | D:2      | Noticed Crazy Yiuf
  1531 | D:2      | Killed Crazy Yiuf
  1676 | D:3      | Noticed Grinder
  1685 | D:3      | Paralysed by Grinder for 4 turns
  1731 | D:3      | Paralysed by Grinder for 5 turns
  1748 | D:3      | Killed Grinder
  1749 | D:3      | Reached skill level 5 in Ranged Weapons
  1749 | D:3      | Reached skill level 5 in Dodging
  1749 | D:3      | Reached XP level 5. HP: 12/28 MP: 6/6
  1749 | D:3      | Reached XP level 6. HP: 14/32 MP: 7/7
  2408 | D:3      | Identified the +7 hand axe "Umibbaa" {antimagic, rPois}
  3126 | D:5      | Entered Level 5 of the Dungeon
  3339 | D:5      | Reached skill level 6 in Dodging
  3391 | D:4      | Reached XP level 7. HP: 37/37 MP: 5/8
  4422 | D:4      | Reached skill level 7 in Dodging
  4591 | D:4      | Found Woserass's Distillery.
  4597 | D:4      | Bought a potion of degeneration for 10 gold pieces
  4597 | D:4      | Bought a potion of cancellation for 80 gold pieces
  4597 | D:4      | Bought a potion of curing for 30 gold pieces
  4597 | D:4      | Bought a potion of haste for 100 gold pieces
  4665 | D:4      | Reached XP level 8. HP: 22/42 MP: 7/9
  4802 | D:5      | Identified the +3 leather armour of Grace {rPois}
  4870 | D:5      | Reached skill level 5 in Fighting
  5015 | D:5      | Reached skill level 8 in Dodging
  5241 | D:5      | Found a white marble altar of Elyvilon.
  5246 | D:5      | Became a worshipper of Elyvilon the Healer
  5317 | D:5      | Learned a level 1 spell: Foxfire
  5696 | D:6      | Noticed Maggie
  6264 | D:6      | Reached * piety under Elyvilon
  6292 | D:6      | Identified the +0 scale mail of Fortification {Will+}
  6768 | D:7      | Found a flagged portal.
  6801 | Bailey   | Entered a bailey
  6844 | Bailey   | Elyvilon protects you from harm!
  6903 | D:7      | Elyvilon protects you from harm!
  6942 | D:7      | HP: 2/44 [poisoned by a kobold brigand]
  7308 | D:7      | Reached skill level 9 in Dodging
  7447 | D:7      | Reached XP level 9. HP: 45/48 MP: 6/10
  7992 | D:7      | Reached ** piety under Elyvilon
  8098 | D:7      | Found a snail-covered altar of Cheibriados.
  8098 | D:7      | Found an ancient bone altar of Kikubaaqudgha.
  8100 | D:7      | Found an iron altar of Okawaru.
  8102 | D:7      | Found a radiant altar of Vehumet.
  8103 | D:7      | Found a glowing silver altar of Zin.
  8157 | D:7      | Reached skill level 10 in Dodging
  8578 | D:7      | Found a staircase to the Ecumenical Temple.
  8587 | Temple   | Entered the Ecumenical Temple
  9559 | D:7      | Reached skill level 11 in Dodging
  9925 | D:8      | Reached XP level 10. HP: 53/55 MP: 6/11
 10606 | D:9      | Noticed a cyclops
 10617 | D:9      | Killed a cyclops
 10733 | D:9      | Found a glowing golden altar of the Shining One.
 10735 | D:9      | Noticed an angel
 10736 | D:9      | Identified the +0 rapier of Grontol {spect, rN+ Str-4 Dex+5
                  | SInv}
 10935 | D:9      | Found a basalt altar of Yredelemnul.
 10938 | D:9      | Noticed a profane servitor
 11669 | D:9      | Elyvilon protects you from harm!
 11673 | D:9      | Elyvilon protects you from harm!
 11674 | D:9      | HP: 1/55 [troll zombie (7)]
 11674 | D:9      | Slain by a troll zombie

Illustrated notes

Levels and vault maps discovered:
D:1:      onia_arrival_pentagram, layout_basic,
          hellmonk_ecumenical_altar_leap_of_faith, serial_bayou_pond_e,
          minmay_crystal_room
D:2:      layout_loops_corners, uniq_crazy_yiuf_cottage, uniq_robin
D:3:      layout_basic, uniq_grinder
D:4:      layout_rooms, serial_shops, nicolae_shop_rolling_square,
          minmay_pentangle
D:5:      layout_rooms, nicolae_elyvilon_peaceful_grove, serial_curves,
          eino_curves_01, eino_curves_03
D:6:      layout_basic, minmay_fire_ice_demons, uniq_maggie
D:7:      layout_loops_ring, grunt_temple_overflow_open, temple_hall,
          enter_bailey_5, chequers_serial_rivers_micro_a, minmay_nine_imps
D:8:      layout_layer_cave
D:9:      layout_basic, grunt_temple_overflow_holy_war, zombieorc2_lemuel,
          nrook_uturn, hellmonk_guarded_unrand_cigotuvi
Temple:   nicolae_temple_bog_church

Skill      XL: |  1  2  3  4  5  6  7  8  9 |
---------------+----------------------------+-----
Dodging        | 3 5 6 7 9 11 | 11.4
Fighting       | 2 3 4 5 7 |  7.5
Ranged Weapons | 5 6 7 9 |  9.6
Stealth        | |  1.5

Action                     |  1- 3 |  4- 6 |  7- 9 | 10-12 || total
---------------------------+-------+-------+-------+-------++-------
  Melee: Hand axe          |       |    46 |   386 |     9 ||   441
         Punch             |       |       |    11 |     1 ||    12
         Rapier            |       |       |       |    83 ||    83
   Fire: Shortbow          |    76 |   119 |   308 |    33 ||   536
 Invoke: Purification      |       |       |     1 |       ||     1
         Heal Other        |       |       |       |     2 ||     2
    Use: Scroll            |       |     1 |     1 |       ||     2
         Potion            |       |       |     3 |     1 ||     4
   Stab: Sleeping          |       |     1 |     1 |       ||     2
         Distracted        |       |       |       |     1 ||     1
 Armour: Robe              |     4 |    32 |   161 |    39 ||   236
  Dodge: Dodged            |    13 |    82 |   703 |   228 ||  1026
